Map: Frozen Temple

Players

Karchakov - Winner!

  • Race: Terran Terran
  • League: Platinum

DasFranck

  • Race: Terran Terran
  • League: Silver

VOD

Have the link to the VOD?

Description

Time

  • Played on: Aug. 2, 2016, 4:38 p.m.
  • Length: 5:33
Show
View Real Time Build Order
Export as new Build Order

Karchakov Terran - Winner!

Build Orders: 1/1/1, Banshee Rush 

Get SALT Encoding   

  12  0:01  SCV  
  13  0:13  SCV  
  14  0:22  Supply Depot  
  14  0:25  SCV  
  15  0:29  Refinery  
  15  0:44  Barracks  
  15  0:45  SCV  
  16  0:57  SCV  
  16  0:59  Refinery  
  17  1:07  Supply Depot  
  17  1:10  SCV  
  18  1:22  SCV  
  19  1:31  Reaper  
  20  1:38  Factory  
  20  1:48  Orbital Command  
  20  2:03  Reaper  
  21  2:14  SCV  
  22  2:22  Factory Tech Lab, Starport  
  22  2:26  SCV  
  22  2:35  Supply Depot  
  22  2:38  SCV  
  23  2:44  Marine  
  23  2:50  SCV  
  25  2:59  Starport  
  25  3:02  Hellion  
  25  3:05  Cloaking Field  
  27  3:06  Banshee  
  27  3:12  SCV  
  31  3:24  Hellion  
  33  3:28  SCV  
  34  3:35  Starport Tech Lab  
  34  3:38  Supply Depot  
  35  3:41  SCV  
  35  3:49  Banshee  
  38  4:00  Banshee  
  38  4:01  Factory Reactor  
  41  4:22  SCV  
  42  4:25  Command Center  
  42  4:38  Hellion x2  
  46  4:42  Supply Depot  
  46  5:05  Supply Depot  
Show
View Real Time Build Order
Export as new Build Order

DasFranck Terran 

Build Orders:  

Get SALT Encoding   

  12  0:01  SCV  
  13  0:13  SCV  
  14  0:20  Supply Depot  
  14  0:25  SCV  
  15  0:32  Supply Depot  
  15  0:41  SCV  
  16  0:49  Barracks  
  16  0:58  SCV  
  17  1:05  Barracks  
  17  1:10  SCV  
  18  1:16  Refinery  
  18  1:29  SCV  
  19  1:36  Marine  
  20  1:41  SCV  
  21  1:52  Marine  
  21  1:53  SCV  
  23  1:59  Refinery  
  23  2:00  Barracks Tech Lab  
  23  2:12  Command Center  
  23  2:16  Barracks Reactor  
  23  2:30  Marauder  
  23  2:33  Orbital Command  
  25  2:52  Marauder  
  25  2:57  Factory  
  25  2:58  Marine x2  
  29  3:15  Marine  
  29  3:16  Marine  
  31  3:24  SCV  
  32  3:29  Supply Depot  
  32  3:34  Engineering Bay, SCV  
  33  3:42  Starport  
  33  3:45  Widow Mine  
  33  3:46  SCV  
  35  3:57  Marine  
  35  3:58  Marine  
  35  4:00  SCV  
  38  4:10  SCV  
  39  4:22  SCV  
  40  4:37  Factory Tech Lab  
  40  4:43  Medivac  
  40  4:44  Refinery  
  42  4:49  Marine x2  
  40  5:07  Marine x2  
Tags
 
Add a new tag
Caveats
  • Supply blocks, unpowered buildings, or Contaminate may cause inaccurate times.
  • Supply counts are checked every 10 seconds.